 Dungeon Crawl Stone Soup version 0.23.2-1-ga50397a (webtiles) character file.

Game seed: 8165853163559779661

43768 whitewolfNL the Bludgeoner (level 13, -17/119 HPs)
             Began as a Minotaur Berserker on May 15, 2019.
             Was a High Priest of Trog.
             Demolished by a titanic slime creature (30 damage)
             ... on level 1 of the Pits of Slime.
             The game lasted 01:18:29 (14930 turns).

whitewolfNL the Bludgeoner (Minotaur Berserker)    Turns: 14930, Time: 01:18:29

Health: -17/119    AC: 25    Str: 30      XL:     13   Next: 92%
Magic:  0/15       EV: 16    Int:  5      God:    Trog [*****.]
Gold:   1091       SH:  0    Dex: 14 (15) Spells: 12/12 levels left

rFire    . . .     SeeInvis .   U - +2 mace (drain)
rCold    . . .     Gourm    .   (no shield)
rNeg     + . .     Faith    .   P - +8 chain mail of Lucidity {rPois rCorr Int+3 Dex+2}
rPois    +         Spirit   +   W - +2 hat {MR+}
rElec    .         Reflect  .   Z - +0 cloak
rCorr    +         Harm     .   N - +0 pair of gloves
MR       +....     Rnd*Rage +   (no boots)
Stlth    ..........             d - amulet of guardian spirit
HPRegen  0.29/turn              D - +6 ring of strength
MPRegen  0.14/turn              q - ring of positive energy

@: no status effects
A: retaliatory headbutt, horns 2, berserk 1, blurry vision 2, deterioration 1,
dopey 1
a: Berserk, Trog's Hand, Brothers in Arms, Renounce Religion


You were on level 1 of the Pits of Slime.
You worshipped Trog.
Trog was extremely pleased with you.
You were hungry.

You visited 3 branches of the dungeon, and saw 16 of its levels.
You also visited: Ossuary.

You collected 1091 gold pieces.

Inventory:

Hand Weapons
 u - a +2 scimitar of flaming
 B - a +7 antimagic great mace
 U - a +2 mace of draining (weapon)
Missiles
 n - 511 stones (quivered)
 p - 229 arrows
 v - 7 tomahawks
 C - 112 bolts
Armour
 N - a +0 pair of gloves (worn)
 P - the +8 chain mail of Lucidity (worn) {rPois rCorr Int+3 Dex+2}
   (You took it off an orc warrior on level 7 of the Dungeon)

   It affects your intelligence (+3).
   It affects your dexterity (+2).
   It protects you from poison.
   It provides partial protection from all sources of acid and corrosion.
 W - a +2 hat of magic resistance (worn)
 Z - a +0 cloak (worn)
Jewellery
 d - an amulet of guardian spirit (around neck)
 g - an uncursed ring of poison resistance
 h - an uncursed ring of see invisible
 q - a ring of positive energy (right hand)
 D - a +6 ring of strength (left hand)
 L - an uncursed ring of protection from fire
Wands
 r - a wand of digging (7)
 w - a wand of iceblast (8)
 y - a wand of enslavement (7)
 R - a wand of flame (23)
 T - a wand of paralysis (25)
 Y - a wand of disintegration (24)
Scrolls
 i - 4 scrolls of fog
 j - a scroll of brand weapon {unknown}
 k - 14 scrolls of remove curse
 l - 2 scrolls of vulnerability {unknown}
 o - a scroll of acquirement {unknown}
 s - a scroll of enchant weapon {unknown}
 t - 2 scrolls of immolation {unknown}
 x - 5 scrolls of enchant armour
 F - 9 scrolls of fear
 I - a scroll of amnesia {unknown}
 J - 3 scrolls of random uselessness {unknown}
 K - a scroll of torment {unknown}
 M - 8 scrolls of teleportation
 S - 2 scrolls of blinking {unknown}
 V - a scroll of silence {unknown}
Potions
 a - a potion of agility
 b - a potion of magic {unknown}
 e - 4 potions of flight
 m - 2 potions of ambrosia
 z - 4 potions of lignification {unknown}
 A - 6 potions of curing
 E - a potion of mutation {unknown}
 G - 4 potions of haste
 H - 4 potions of resistance
 O - 6 potions of might
 X - a potion of invisibility {unknown}
Miscellaneous
 f - a fan of gales
Comestibles
 c - 28 rations


   Skills:
 + Level 12.9 Fighting
 - Level 3.1 Long Blades
 * Level 17.1 Maces & Flails
 - Level 1.0 Throwing
 + Level 12.7 Armour
 + Level 11.8 Dodging
 - Level 1.0 Stealth
 - Level 4.0 Evocations


You had 12 spell levels left.
You didn't know any spells.
Your spell library was empty.

Dungeon Overview and Level Annotations

Branches:
Dungeon (9/15)             Temple (0/1) D:5            Lair (6/6) D:8
  Swamp (0/4) Lair:2        Snake (0/4) Lair:2        Slime (1/5) Lair:6
    Orc: D:9-12

Altars:
Elyvilon
Hepliaklqana
Kikubaaqudgha
Okawaru
Qazlal
Ru
Wu Jian
The Shining One
Beogh

Shops:
D:6 =


Innate Abilities, Weirdness & Mutations

You reflexively headbutt those who attack you in melee.
You have a pair of horns on your head.
You tend to lose your temper in combat.
Scrolls take you longer to read.
Your body sometimes deteriorates upon taking damage.
You are dopey. (Int -2)


Message History

Two slime creatures merge to form a large slime creature.
Two slime creatures merge to form a very large slime creature.
You hit the very large slime creature but do no damage.
You drain the very large slime creature.
You headbutt the very large slime creature!
The very large slime creature is moderately wounded.
The golden eye blinks at you.
You are more confused.
The titanic slime creature hits you!!
* * * LOW HITPOINT WARNING * * *
You miss the golden eye.
The golden eye is lightly wounded.
The golden eye blinks at you. You resist with some effort.
The golden eye blinks at you.
You are more confused.
The large slime creature hits you!
* * * LOW HITPOINT WARNING * * *
You feel better. The titanic slime creature hits you!!
You die...

### #### ...##
##..####
.....##....#.###
................
...........#....
#.#G..G@G......#
......JJJ.......
.......G........
.#.....<>.......
##.#...........
##........##.#
#..........# .
#............#
##.#........#..


You could see a titanic slime creature, a very large slime creature, a large
slime creature, a shining eye and 3 golden eyes.

Vanquished Creatures
  Rupert (Lair:6)
  The ghost of Curus the Basher, a journeyman MiBe of Trog (Lair:4)
  5 hydras
  A catoblepas (Lair:6)
  2 two-headed ogres (D:9)
  Erica (D:9)
  3 death yaks (Lair:6)
  A deep troll shaman (Lair:6)
  The ghost of grenoire the Quickloader, a novice CeHu (D:7)
  A lindwurm (Lair:6)
  Pikel (D:8)
  3 black mambas
  9 elephants
  Joseph (D:7)
  Psyche (D:8)
  12 spiny frogs
  2 rime drakes
  5 komodo dragons
  2 polar bears
  15 blink frogs
  6 hippogriffs
  5 dream sheep (Lair:5)
  Sigmund (D:4)
  Eustachio (D:4)
  A basilisk (D:8)
  4 hogs (D:7)
  33 yaks
  Grum (D:9)
  A human (D:7)
  3 nagas (Lair:2)
  13 water moccasins
  10 porcupines
  2 orc warriors (D:7)
  3 sky beasts
  2 slaves (D:8)
  A necrophage (D:9)
  2 phantoms
  A black bear (Lair:6)
  6 ogres
  17 wolves
  4 centaurs
  11 crocodiles
  12 bullfrogs
  A water moccasin skeleton (D:8)
  12 scorpions
  6 killer bees (D:8)
  2 crimson imps
  5 howler monkeys
  2 centaur zombies (Ossuary)
  7 hounds
  3 jellies
  A quasit (D:9)
  2 orc wizards (D:6)
  7 orc priests
  3 bullfrog skeletons
  A centaur skeleton (D:4)
  2 human zombies (Ossuary)
  5 iguanas
  8 worker ants
  A big kobold zombie (Ossuary)
  2 hound skeletons
  4 mummies
  A howler monkey zombie (D:7)
  7 adders
  4 scorpion zombies (Ossuary)
  2 shadow imps
  A white imp (D:4)
  2 oozes
  2 adder skeletons
  2 worms
  5 dart slugs
  2 leopard geckos (D:2)
  23 orcs
  9 giant cockroaches
  4 gnoll zombies (Ossuary)
  12 goblins
  9 hobgoblins
  13 jackals
  4 quokkas
  A ball python (D:2)
  7 bats
  5 frilled lizards
  3 goblin zombies
  6 hobgoblin zombies
  2 jackal skeletons
  3 kobolds
  2 kobold skeletons (D:4)
  2 kobold zombies
  3 orc zombies
  A quokka skeleton (D:4)
  4 rats
  A bush (D:2)
424 creatures vanquished.

Vanquished Creatures (others)
  5 fungi
  7 plants
12 creatures vanquished.

Grand Total: 436 creatures vanquished

Notes
Turn   | Place    | Note
-------+----------+-------------------------------------------
     0 | D:1      | whitewolfNL the Minotaur Berserker began the quest for the
                  | Orb.
     0 | D:1      | Reached XP level 1. HP: 19/19 MP: 0/0
    47 | D:1      | Reached XP level 2. HP: 14/27 MP: 1/1
   189 | D:1      | You fall through a shaft!
   237 | D:2      | Reached skill level 1 in Throwing
   237 | D:2      | Reached XP level 3. HP: 9/33 MP: 2/2
   566 | D:2      | Reached skill level 1 in Stealth
   686 | D:2      | Reached skill level 4 in Maces & Flails
   744 | D:2      | Found a faded altar of an unknown god.
   899 | D:2      | Reached ** piety under Trog
  1486 | D:3      | Reached XP level 4. HP: 36/40 MP: 3/3
  1714 | D:3      | Reached XP level 5. HP: 30/47 MP: 4/4
  2426 | D:4      | Reached skill level 5 in Maces & Flails
  2516 | D:4      | Reached skill level 1 in Evocations
  2519 | D:4      | Reached XP level 6. HP: 38/53 MP: 2/5
  2612 | D:4      | Noticed Eustachio
  2649 | D:4      | Killed Eustachio
  2739 | D:4      | Reached skill level 5 in Fighting
  2739 | D:4      | Reached skill level 6 in Maces & Flails
  3009 | D:4      | Reached *** piety under Trog
  3010 | D:4      | Found a glowing golden altar of the Shining One.
  3020 | D:4      | Reached XP level 7. HP: 48/61 MP: 7/7
  3034 | D:4      | Noticed Sigmund
  3053 | D:4      | Killed Sigmund
  3540 | D:5      | Entered Level 5 of the Dungeon
  3546 | D:5      | Found a white marble altar of Elyvilon.
  3546 | D:5      | Found an iron altar of Okawaru.
  3756 | D:5      | Found a sand-covered staircase.
  3764 | Ossuary  | Entered an ossuary
  3800 | Ossuary  | Reached skill level 7 in Maces & Flails
  3800 | Ossuary  | Reached XP level 8. HP: 67/69 MP: 9/9
  3811 | Ossuary  | Reached skill level 5 in Armour
  3858 | Ossuary  | Reached **** piety under Trog
  3960 | Ossuary  | Reached skill level 5 in Dodging
  4045 | Ossuary  | Reached skill level 8 in Maces & Flails
  4049 | Ossuary  | Paralysed by fainting for 6 turns
  4068 | Ossuary  | HP: 1/71 [human zombie (3)]
  4076 | Ossuary  | HP: 2/106 [poisoned by a scorpion]
  4081 | Ossuary  | HP: 1/71 [poisoned by a scorpion]
  4440 | D:5      | Found a staircase to the Ecumenical Temple.
  4762 | D:5      | Found a hazy altar of Hepliaklqana.
  5003 | D:6      | Reached XP level 9. HP: 78/78 MP: 11/11
  5120 | D:6      | Reached skill level 9 in Maces & Flails
  5420 | D:6      | Reached ***** piety under Trog
  5466 | D:6      | Found Ponus's Jewellery Emporium.
  6004 | D:7      | Found a runed translucent gate.
  6004 | D:7      | Found a runed translucent gate.
  6004 | D:7      | Found a runed translucent gate.
  6007 | D:7      | Noticed grenoire's ghost (novice CeHu)
  6007 | D:7      | Identified the +8 chain mail of Lucidity {rPois rCorr Int+3
                  | Dex+2}
  6036 | D:7      | Reached skill level 10 in Maces & Flails
  6289 | D:7      | Noticed Joseph
  6298 | D:7      | Killed Joseph
  6495 | D:7      | Reached XP level 10. HP: 76/88 MP: 9/12
  6509 | D:7      | Reached skill level 11 in Maces & Flails
  6857 | D:7      | Found a roughly hewn altar of Beogh.
  6877 | D:7      | Killed grenoire's ghost
  6877 | D:7      | Received a gift from Trog
  7283 | D:8      | Found a stormy altar of Qazlal.
  7306 | D:8      | Found a sacrificial altar of Ru.
  7309 | D:8      | Found an ancient bone altar of Kikubaaqudgha.
  7312 | D:8      | Found an ornate altar of the Wu Jian Council.
  7344 | D:8      | Found a staircase to the Lair.
  7344 | D:8      | Noticed Psyche
  7358 | D:8      | Reached skill level 12 in Maces & Flails
  7364 | D:8      | Killed Psyche
  7632 | D:8      | Noticed Pikel
  7644 | D:8      | Killed Pikel
  7895 | D:9      | Noticed Erica
  7907 | D:9      | Killed Erica
  7907 | D:9      | Reached XP level 11. HP: 97/97 MP: 13/13
  8015 | D:9      | Noticed a two-headed ogre
  8015 | D:9      | Noticed a two-headed ogre
  8021 | D:9      | Killed a two-headed ogre
  8021 | D:9      | Reached skill level 1 in Long Blades
  8024 | D:9      | Killed a two-headed ogre
  8038 | D:9      | Noticed Grum
  8043 | D:9      | Reached skill level 13 in Maces & Flails
  8054 | D:9      | Killed Grum
  8434 | Lair:1   | Entered Level 1 of the Lair of Beasts
  8480 | Lair:1   | Reached skill level 10 in Fighting
  8581 | Lair:1   | Received a gift from Trog
  8788 | Lair:1   | Reached skill level 10 in Armour
  9311 | Lair:2   | Noticed a six-headed hydra
  9315 | Lair:2   | Killed a five-headed hydra
  9368 | Lair:2   | Reached skill level 14 in Maces & Flails
  9373 | Lair:2   | Reached XP level 12. HP: 108/108 MP: 14/14
  9479 | Lair:2   | Found a staircase to the Snake Pit.
  9701 | Lair:2   | Found a staircase to the Swamp.
 10469 | Lair:3   | Reached skill level 10 in Dodging
 11161 | Lair:4   | Reached skill level 15 in Maces & Flails
 11499 | Lair:4   | Found a runed translucent gate.
 11588 | Lair:4   | Found a runed translucent gate.
 11588 | Lair:4   | Found a runed translucent gate.
 11589 | Lair:4   | Noticed a nine-headed hydra
 11589 | Lair:4   | Noticed Curus's ghost (journeyman MiBe)
 11590 | Lair:4   | Noticed a ten-headed hydra
 11659 | Lair:4   | Killed a nine-headed hydra
 11661 | Lair:4   | Killed a seven-headed hydra
 11670 | Lair:4   | Killed Curus's ghost
 11974 | Lair:4   | Reached XP level 13. HP: 117/117 MP: 15/15
 12436 | Lair:5   | Received a gift from Trog
 12616 | Lair:5   | Reached skill level 16 in Maces & Flails
 12948 | Lair:5   | Got a translucent plate armour
 12959 | Lair:5   | Identified the +5 plate armour of the Leaf {*Contam rPois
                  | rF- Stlth+} (You found it on level 5 of the Lair of Beasts)
 13200 | Lair:6   | Entered Level 6 of the Lair of Beasts
 13213 | Lair:6   | Gained mutation: Your body sometimes deteriorates upon
                  | taking damage. [mutagenic glow]
 13274 | Lair:6   | Noticed Rupert
 13289 | Lair:6   | Paralysed by Rupert for 6 turns
 13313 | Lair:6   | Killed Rupert
 14088 | Lair:6   | Reached skill level 17 in Maces & Flails
 14433 | Lair:6   | Found a staircase to the Slime Pits.
 14904 | Slime:1  | Entered Level 1 of the Pits of Slime
 14915 | Slime:1  | Gained mutation: Scrolls take you a little longer to read.
                  | [a shining eye]
 14923 | Slime:1  | Gained mutation: Scrolls take you longer to read. [a
                  | shining eye]
 14925 | Slime:1  | Gained mutation: You tend to lose your temper in combat. [a
                  | shining eye]
 14927 | Slime:1  | Gained mutation: You are dopey. (Int -2) [a shining eye]
 14929 | Slime:1  | HP: 2/119 [large slime creature (11)]
 14930 | Slime:1  | Demolished by a titanic slime creature

Skill      XL: |  1  2  3  4  5  6  7  8  9 10 11 12 13 |
---------------+----------------------------------------+-----
Throwing       | 1 |  1.0
Stealth        | 1 |  1.0
Maces & Flails | 4 5 6 7 8 10 12 14 15 17 | 17.1
Fighting       | 4 5 6 8 9 10 11 12 | 12.9
Armour         | 3 4 6 7 9 10 11 12 | 12.7
Dodging        | 3 4 5 7 8 9 10 11 | 11.8
Evocations     | 1 2 3 4 |  4.0
Long Blades    | 3 |  3.1

Action                   |  1- 3 |  4- 6 |  7- 9 | 10-12 | 13-15 || total
-------------------------+-------+-------+-------+-------+-------++-------
Melee: Mace              |   131 |    93 |    60 |   235 |   267 ||   786
       Headbutt          |    40 |    19 |    73 |   116 |    94 ||   342
       Flail             |       |       |   138 |       |       ||   138
       Morningstar       |       |       |    95 |    35 |       ||   130
       Great mace        |       |       |       |   156 |       ||   156
       Scimitar          |       |       |       |    20 |    26 ||    46
Invok: Berserk           |     1 |     4 |     9 |    12 |     8 ||    34
Evoke: Wand              |       |       |       |       |    10 ||    10
  Use: Scroll            |       |       |     7 |     4 |     2 ||    13
       Potion            |       |       |     4 |       |     2 ||     6
 Stab: Sleeping          |     2 |       |       |       |       ||     2
       Paralysed         |       |       |       |       |     5 ||     5
       Petrified         |       |       |       |       |     3 ||     3
  Eat: Chunk             |     3 |     4 |    14 |    23 |    14 ||    58
       Ration            |       |     1 |     2 |     2 |       ||     5
Armor: Animal skin       |    10 |     3 |       |       |       ||    13
       Ring mail         |       |    16 |    48 |       |       ||    64
       Chain mail        |       |       |    39 |   194 |   159 ||   392
Dodge: Dodged            |    48 |    66 |   217 |   287 |   215 ||   833
       Rpst.: Scimitar   |       |       |       |     6 |     5 ||    11
